Map: Base du roi Sejong EC

Players

Leo - Winner!

  • Race: Protoss Protoss
  • League: Diamond
  • Spawn Location: 5:00

zidar

  • Race: Zerg Zerg
  • League: Platinum
  • Spawn Location: 11:00

VOD

Have the link to the VOD?

Description

Time

  • Played on: Nov. 1, 2016, 1 p.m.
  • Length: 9:38
Show
View Real Time Build Order
Export as new Build Order

Leo Protoss - Winner!

Build Orders:  

Get SALT Encoding   

  12  0:01  Probe (Chrono Boost)  
  13  0:12  Probe (Chrono Boost)  
  14  0:22  Pylon  
  14  0:24  Probe (Chrono Boost)  
  15  0:40  Probe (Chrono Boost)  
  16  0:43  Gateway  
  16  0:50  Assimilator  
  16  0:51  Probe (Chrono Boost)  
  17  1:01  Probe (Chrono Boost)  
  18  1:13  Probe (Chrono Boost)  
  19  1:25  Probe (Chrono Boost)  
  20  1:33  Zealot  
  20  1:38  Cybernetics Core  
  22  1:53  Probe (Chrono Boost)  
  23  1:57  Nexus  
  23  2:04  Pylon  
  23  2:08  Pylon  
  23  2:15  Assimilator  
  23  2:22  Probe (Chrono Boost)  
  24  2:26  Pylon  
  24  2:33  Mothership Core (Chrono Boost)  
  24  2:36  Adept  
  28  2:50  Gateway  
  28  2:57  Gateway  
  28  3:16  Adept  
  30  3:22  Probe (Chrono Boost)  
  30  3:24  Probe (Chrono Boost)  
  32  3:32  Warp Gate (Chrono Boost)  
  32  3:33  Probe (Chrono Boost)  
  33  3:34  Probe (Chrono Boost)  
  33  3:37  Twilight Council  
  34  3:42  Probe (Chrono Boost)  
  34  3:45  Probe  
  36  3:52  Probe  
  37  4:11  Probe  
  37  4:13  Probe, Pylon  
  37  4:16  Resonating Glaives (Chrono Boost)  
  39  4:24  Probe  
  40  4:25  Probe  
  41  4:32  Stalker  
  41  5:10  Gateway x2  
  41  5:12  Robotics Facility  
  41  5:17  Gateway  
  34  5:30  Probe x2  
  34  5:31  Pylon  
  36  5:42  Probe x2 (Chrono Boost)  
  38  5:48  Nexus  
  38  5:54  Probe (Chrono Boost)  
  38  5:56  Charge  
  37  6:01  Warp Prism  
  39  6:10  Forge  
  39  6:23  Adept x4  
  39  6:24  Adept x2  
  51  6:37  Observer  
  42  6:55  Stalker  
  42  6:56  Adept  
  42  6:57  Adept x4  
  54  7:05  Photon Cannon  
  54  7:07  Probe (Chrono Boost)  
  54  7:08  Probe (Chrono Boost)  
  56  7:09  Pylon  
  56  7:11  Probe (Chrono Boost)  
  57  7:15  Pylon  
  57  7:18  Probe x2 (Chrono Boost)  
  57  7:19  Pylon  
  57  7:21  Pylon  
  57  7:22  Probe (Chrono Boost)  
  60  7:27  Photon Cannon  
  60  7:29  Probe (Chrono Boost)  
  61  7:31  Photon Cannon  
  61  7:32  Probe (Chrono Boost)  
  62  7:42  Observer  
  63  7:52  Stalker  
  65  8:03  Immortal  
  57  8:39  Stalker x2  
  61  8:42  Adept x4  
  57  8:59  Probe x3 (Chrono Boost)  
  60  9:09  Probe (Chrono Boost)  
  63  9:10  Probe x2 (Chrono Boost)  
  63  9:11  Pylon  
  63  9:18  Stalker  
  63  9:19  Stalker  
  63  9:20  Probe x2 (Chrono Boost)  
  63  9:21  Adept x3, Pylon  
Show
View Real Time Build Order
Export as new Build Order

zidar Zerg 

Build Orders: Hatch First 

Get SALT Encoding   

  12  0:01  Drone  
  13  0:12  Overlord  
  13  0:17  Drone  
  14  0:30  Drone x2  
  16  0:52  Hatchery  
  16  0:54  Drone  
  16  0:58  Extractor  
  16  1:00  Drone  
  16  1:18  Spawning Pool  
  15  1:21  Drone  
  16  1:33  Drone x2  
  16  1:37  Drone  
  18  1:44  Drone  
  19  2:04  Queen  
  19  2:05  Queen  
  23  2:12  Metabolic Boost  
  23  2:25  Drone x2  
  23  2:26  Evolution Chamber  
  24  2:37  Baneling Nest  
  23  2:47  Zergling x8  
  27  3:05  Pneumatized Carapace  
  27  3:12  Overlord x2  
  27  3:30  Lair  
  27  3:33  Drone x6  
  33  3:43  Extractor  
  33  3:47  Drone x3  
  35  3:59  Baneling x3  
  35  4:07  Baneling  
  35  4:19  Drone x6  
  35  4:20  Drone x2  
  43  4:45  Centrifical Hooks  
  39  5:13  Overlord x8  
  37  5:27  Zerg Melee Weapons Level 1  
  37  5:34  Extractor  
  37  5:35  Extractor  
  35  5:44  Zergling x2  
  35  5:45  Zergling x8  
  40  5:50  Drone  
  40  5:58  Baneling x3  
  40  6:10  Drone x4  
  44  6:12  Drone x3  
  43  7:01  Zergling x26  
  56  7:17  Hatchery  
  55  7:25  Baneling x9  
  55  7:38  Infestation Pit  
  55  7:42  Drone x8  
  62  8:00  Queen  
  62  8:02  Baneling  
  62  8:03  Baneling x5  
  62  8:05  Zergling x12  
  62  8:31  Zergling x14  
  47  8:58  Zergling x2  
  47  8:59  Zergling x16  
  39  9:11  Zergling x6  
  39  9:12  Zergling x4  
  44  9:17  Zergling x6  
Tags
 
Add a new tag
Caveats
  • Supply blocks, unpowered buildings, or Contaminate may cause inaccurate times.
  • Supply counts are checked every 10 seconds.